 Dungeon Crawl Stone Soup version 0.28-a0-1616-g050a50673c (webtiles) character file.

Game seed: 8281747317852739111

24 murtidash the Skirmisher (level 2, 26/27 HPs)
             Began as a Minotaur Fighter on Jan 22, 2022.
             Quit the game on level 1 of the Dungeon.
             The game lasted 00:04:02 (1131 turns).

murtidash the Skirmisher (Minotaur Fighter)         Turns: 1131, Time: 00:04:03

Health: 26/27      AC:  7    Str: 20    XL:     2   Next: 79%
Magic:  1/1        EV:  9    Int:  5    God:
Gold:   50         SH:  4    Dex:  9    Spells: 1/1 levels left

rFire   . . .      SeeInvis .   a - +0 war axe
rCold   . . .      Faith    .   c - +0 buckler
rNeg    . . .      Spirit   .   b - +0 scale mail
rPois   .          Reflect  .   (helmet restricted)
rElec   .          Harm     .   (no cloak)
rCorr   .          Rampage  .   (no gloves)
Will    .....                   (no boots)
Stlth   ..........              (no amulet)
HPRegen 0.09/turn               (no ring)
MPRegen 0.07/turn               (no ring)

@: no status effects
A: horns 2, retaliatory headbutt
a: no special abilities


You were on level 1 of the Dungeon.
You visited 1 branch of the dungeon, and saw 2 of its levels.

You collected 50 gold pieces.

Inventory:

Hand Weapons
 a - a +0 war axe (weapon)
Armour
 b - a +0 scale mail (worn)
 c - a +0 buckler (worn)
Scrolls
 e - a scroll of magic mapping {unknown}
Potions
 d - a potion of might
 f - 2 potions of resistance {unknown}
 g - a potion of curing {unknown}


   Skills:
 + Level 4.0 Fighting
 + Level 2.9 Axes
 + Level 4.0 Armour
 + Level 4.0 Shields


You had one spell level left.
You didn't know any spells.
Your spell library contained the following spells:

 Spells                   Type           Power      Damage    Failure   Level
 Static Discharge         Conj/Air       0%         N/A       96%         2
 Dispel Undead            Necr           0%         3d6       100%        4
 Sticky Flame             Conj/Fire      0%         2d3       100%        4


Dungeon Overview and Level Annotations

Branches:
Dungeon (2/15)

Altars:


Innate Abilities, Weirdness & Mutations

You have a pair of horns on your head.
You reflexively headbutt those who attack you in melee.


Message History

There is an open door here.
You open the door.
There is an open door here.
There is an open door here.
There is an open door here.
You now have 50 gold pieces (gained 5).
You see here a bat skeleton.
There is an open door here.
There is an open door here.
A sourceless malevolence fills the Dungeon...
You fall into a shaft and drop 1 floor!
The shaft crumbles and collapses.
A rat, an adder, a goblin, an endoplasm, a giant cockroach and a bat come into view.
Found a lumpy inky potion, 8 gold pieces and 6 boomerangs.
Found a stone staircase leading up.
The adder hisses angrily.
The goblin shouts!
The bat hits you but does no damage.
You closely miss the bat. You closely miss the rat. The bat closely misses you.
You furiously retaliate!
You headbutt the bat!
You kill the bat!
A bat comes into view.
The rat twitches its whiskers.
The rat barely misses you.
A quokka comes into view.
The goblin closely misses you. The rat closely misses you.
The endoplasm hits you but does no damage.
The quokka bites you but does no damage.
The rat bites you but does no damage. The quokka misses you.
The endoplasm hits you but does no damage.
The quokka closely misses you. You block the quokka's attack.
There is a stone staircase leading up here.
The bat hits you but does no damage. You block the goblin's attack.
The rat barely misses you. The endoplasm barely misses you.
You climb upwards.
There is a stone staircase leading down here.
You slash the goblin!
You kill the goblin!
You hit the endoplasm. You barely miss the rat.
The rat bites you but does no damage.
The endoplasm hits you but does no damage.
The rat closely misses you. The endoplasm freezes you.
You are frozen.
Your Shields skill increases to level 4!
You take 2 damage, and have 25/27 hp.
You hit the endoplasm but do no damage. You hit the rat.
You block the rat's attack. You block the endoplasm's attack.
You barely miss the rat. You headbutt the rat.
You kill the rat!
You hit the endoplasm. The endoplasm closely misses you.
You slash the endoplasm!
You kill the endoplasm!
Your Armour skill increases to level 4!
No target in view!
No target in view!
No target in view!
No target in view!
No target in view!
No target in view!
No target in view!
No target in view!
No target in view!
No target in view!
No target in view!
No target in view!
No target in view!
No target in view!
No target in view!
There is an open door here.
There is an open door here.
Done exploring.
Health restored: 27 Done exploring.
Done exploring.
Unknown command.
Unknown command.
Unknown command.
Welcome back, murtidash the Minotaur Fighter.
There is an open door here.
There is an open door here.
There is a stone staircase leading down here.
You see here a +0 leather armour.
There is a stone staircase leading down here.
There is a stone staircase leading down here.
Done exploring.
You see here a rat corpse.
There is a stone staircase leading down here.
You climb downwards.
The quokka bites you but does no damage.
The adder bites you but does no damage.
The giant cockroach bites you but does no damage.
You block the bat's attack. The adder barely misses you.
The quokka barely misses you. The giant cockroach misses you.
There is a stone staircase leading up here.
The bat hits you but does no damage. The adder closely misses you.
The quokka misses you. The giant cockroach bites you.
You climb upwards.
There is a stone staircase leading down here.
You take 1 damage, and have 26/27 hp.

#############
#...........###############
#.#########....bBr........#
....########....@.....###.#
..#.............†S..#.# #.#
......######.######.#.# #.#
........# #.# ##.#.# #.#
###.#.#.# #.# #..#.# #.# #
#.#.#.# #.# #.##.###.#####
###...#.# #.#
#.##......##.## .##..##.#
#.# #.######..###.##
.##..#..# #.# #.# #..# ##..


You could see an adder, a quokka, a giant cockroach and a bat.

Vanquished Creatures
  3 endoplasms (D:1)
  2 goblins (D:1)
  A hobgoblin (D:1)
  4 jackals (D:1)
  3 kobolds (D:1)
  2 quokkas (D:1)
  A ball python (D:1)
  3 bats
  A rat (D:1)
20 creatures vanquished.

Notes
Turn   | Place    | Note
-------+----------+-------------------------------------------
     0 | D:1      | murtidash the Minotaur Fighter began the quest for the Orb.
     0 | D:1      | Reached XP level 1. HP: 19/19 MP: 0/0
   176 | D:1      | Reached XP level 2. HP: 27/27 MP: 1/1
   564 | D:1      | Reached skill level 4 in Fighting
   952 | D:1      | Reached skill level 4 in Shields
   955 | D:1      | Reached skill level 4 in Armour
  1131 | D:1      | Quit the game

Illustrated notes

Levels and vault maps discovered:
D:1:      dpeg_arrival_radiant, layout_loops_ring
D:2:      layout_rooms, basic_altar, kennysheep_jessica_study

Skill      XL: |  1  2 |
---------------+-------+-----
Fighting       | 4 |  4.0
Shields        | 4 |  4.0
Armour         | 4 |  4.0
Axes           | |  2.9

Action                   || total
-------------------------++-------
Melee: War axe           ||    39
       Headbutt          ||     2
Armor: Scale mail        ||    25
Dodge: Dodged            ||    29
Block: Buckler           ||    16

Table legend: (Time is in decaauts)
 A = Elapsed time spent in this place.
 B = Non-inter-level travel time spent in this place.
 C = Inter-level travel time spent in this place.
 D = Time resting spent in this place.
 E = Time spent auto-exploring this place.
 F = Levels seen in this place.
 G = Mean time per level.
                   A        B        C        D        E       F      G
               +--------+--------+--------+--------+--------+-----+--------+
         Total |   1148 |   1059 |     89 |      0 |    926 |   2 |  574.0 |
       Dungeon |   1148 |   1059 |     89 |      0 |    926 |   2 |  574.0 |
               +--------+--------+--------+--------+--------+-----+--------+

Top non-repeatable levels by time:
     D:1: 1135 daAuts
     D:2: 12 daAuts

Table legend:
 A = Kills in this place as a percentage of kills in entire the game.
 B = Kills by you in this place as a percentage of kills by you in the entire game.
 C = Kills by friends in this place as a percentage of kills by friends in the entire game.
 D = Other kills in this place as a percentage of other kills in the entire game.
 E = Experience gained in this place as a percentage of experience gained in the entire game.
 F = Experience gained in this place divided by the number of levels of this place that you have seen.
                   A       B       C       D       E      F
               +-------+-------+-------+-------+-------+----------------------
         Total | 100.0 | 100.0 |   N/A |   N/A | 100.0 |  17.5
       Dungeon | 100.0 | 100.0 |   N/A |   N/A | 100.0 |  17.5
               +-------+-------+-------+-------+-------+----------------------
